 Dungeon Crawl Stone Soup version 0.20-a0-17-g69bea3c (webtiles) character file.

1328 KristoblXynda the Covert (level 8, -1/82 HPs)
             Began as a Vampire Gladiator on Nov 5, 2016.
             Was a Believer of Uskayaw.
             Slain by a killer bee (6 damage)
             ... on level 5 of the Dungeon.
             The game lasted 00:10:20 (4874 turns).

KristoblXynda the Covert (Vampire Gladiator)        Turns: 4874, Time: 00:10:21

Health: -1/82      AC: 24    Str: 19    XL:     8   Next: 34%
Magic:  8/8        EV:  2    Int: 11    God:    Uskayaw [**....]
Gold:   235        SH:  0    Dex: 16    Spells: 0 memorised, 7 levels left

rFire  . . .     SeeInvis +     a - +0 long sword
rCold  . . .     Gourm    .     (armour currently unavailable)
rNeg   + + +     Faith    .     (no shield)
rPois  +         Spirit   .     (helmet currently unavailable)
rElec  .         Reflect  .     (cloak currently unavailable)
rCorr  .         Harm     .     (gloves currently unavailable)
MR     .....     NoTele   +     (boots currently unavailable)
Stlth  ++++......               (no amulet)
                                (no ring)
                                (no ring)

@: mighty, lethally poisoned (-1 -> -8), tree-form
A: (fangs 0), see invisible, (unbreathing)
a: Bat Form, Stomp, Line Pass, Renounce Religion


You were on level 5 of the Dungeon.
You worshipped Uskayaw.
Uskayaw was noncommittal.
You were not thirsty.
You were a tree.
You visited 2 branches of the dungeon, and saw 6 of its levels.

You collected 235 gold pieces.

Inventory:

Hand Weapons
 a - a +0 long sword (weapon)
Missiles
 d - 3 throwing nets (quivered)
Armour
 k - a +0 ring mail (melded)
 n - a +0 helmet (melded)
 p - a +0 pair of gloves (melded)
Scrolls
 b - 2 scrolls of recharging
 f - 2 scrolls of remove curse
 s - a scroll of immolation
Potions
 c - a potion of agility {unknown}
 g - a potion of lignification
 h - a potion of heal wounds
 j - a potion of degeneration {unknown}
 l - 3 potions of flight
 m - a potion of mutation {unknown}
 r - 2 potions of magic {unknown}
Books
 o - a book of Changes

   Spells                             Type                      Level
   a - Beastly Appendage              Transmutation                1
   b - Sticks to Snakes               Transmutation                2
   c - Spider Form                    Transmutation/Poison         3
   d - Ice Form                       Ice/Transmutation            4
   e - Blade Hands                    Transmutation                5


   Skills:
 - Level 1.7 Fighting
 + Level 6.4 Long Blades
 - Level 1.5 Throwing
 + Level 2.8 Armour
 + Level 6.5 Dodging
 + Level 8.4 Stealth


You had 7 spell levels left.
You didn't know any spells.

Dungeon Overview and Level Annotations

Branches:
Dungeon (5/15)             Temple (1/1) D:4

Altars:
Ashenzari
Cheibriados
Dithmenos
Fedhas
Gozag
Hepliaklqana
Makhleb
Nemelex Xobeh
Okawaru
Ru
Trog
Uskayaw
Xom
Yredelemnul
Zin
The Shining One


Innate Abilities, Weirdness & Mutations

((You have razor-sharp teeth.))
You have supernaturally acute eyesight. (SInv)
((You can survive without breathing.))


Message History

* * * LOW HITPOINT WARNING * * *
You are more poisoned.
The killer bee poisons you!
You closely miss the killer bee.
You feel sick.
The killer bee stings you but does no damage.
The killer bee completely misses you.
You riposte.
You miss the killer bee.
The killer bee stings you but does no damage. x2
You miss the killer bee.
You feel sick.
The killer bee stings you but does no damage. x4
You miss the killer bee.
You feel sick. The killer bee stings you.
* * * LOW HITPOINT WARNING * * *
The killer bee barely misses you. The killer bee stings you.
* * * LOW HITPOINT WARNING * * *
The killer bee stings you.
* * * LOW HITPOINT WARNING * * *
You barely miss the killer bee.
You feel sick. The killer bee stings you.
* * * LOW HITPOINT WARNING * * *
The killer bee stings you but does no damage. x2
The killer bee stings you.
You die...

#.# #.# #.## ##### #.#
#..# #.#...# #.#
##.#####.#...# #.#
#....##.#...# #.#
#....##.#...#### #.#
#....##.#......#####.#
#)...##.#......'.....#
#....##.##♣y...#...###
####.##'##y#####...#
#........# #...#
##.......# #...#
#.......# #...#
#.......# #####
#...##+## ####..##.#
+........#


You could see 2 killer bees.

Vanquished Creatures
  Sigmund (D:3)
  Duvessa (D:4)
  An eye of draining (D:5)
  A centaur (D:5)
  Dowan (D:4)
  2 scorpions (D:4)
  2 killer bees (D:5)
  3 hounds
  A jelly (D:5)
  2 bullfrog skeletons
  An orc priest (D:3)
  3 orc wizards
  Ijyb (D:2)
  Terence (D:2)
  2 iguanas (D:4)
  2 worker ants (D:4)
  2 hound skeletons (D:4)
  An adder (D:5)
  6 gnolls (D:5)
  A shadow imp (D:4)
  2 oozes
  3 worms
  3 dart slugs
  5 leopard geckos
  14 orcs
  8 giant cockroaches
  9 goblins
  7 hobgoblins
  10 jackals
  3 quokkas
  3 bats
  6 frilled lizards
  A kobold (D:1)
  5 rats
114 creatures vanquished.

Vanquished Creatures (others)
  Jessica (D:2)
1 creature vanquished.

Grand Total: 115 creatures vanquished

Notes
Turn   | Place    | Note
-------+----------+-------------------------------------------
     0 | D:1      | KristoblXynda the Vampire Gladiator began the quest for the Orb.
     0 | D:1      | Reached XP level 1. HP: 16/16 MP: 1/1
    93 | D:1      | Reached skill level 1 in Stealth
   167 | D:1      | Reached XP level 2. HP: 17/22 MP: 2/2
   623 | D:2      | Killed Jessica
   667 | D:2      | Found a glowing golden altar of the Shining One.
   669 | D:2      | Noticed an angel
   674 | D:2      | Found a basalt altar of Yredelemnul.
   676 | D:2      | Noticed a profane servitor
   709 | D:2      | Reached skill level 2 in Stealth
   720 | D:2      | Found a sparkling altar of Nemelex Xobeh.
   723 | D:2      | Noticed Terence
   739 | D:2      | Killed Terence
   739 | D:2      | Reached XP level 3. HP: 12/27 MP: 3/3
   792 | D:2      | Reached skill level 3 in Stealth
  1303 | D:2      | Reached XP level 4. HP: 33/33 MP: 4/4
  1388 | D:2      | Noticed Ijyb
  1393 | D:2      | Killed Ijyb
  1881 | D:3      | Reached skill level 4 in Stealth
  1944 | D:3      | Reached XP level 5. HP: 27/38 MP: 5/5
  1977 | D:3      | Noticed Sigmund
  2101 | D:3      | Killed Sigmund
  2101 | D:3      | Reached skill level 5 in Long Blades
  2101 | D:3      | Reached skill level 5 in Stealth
  2101 | D:3      | Reached XP level 6. HP: 29/44 MP: 6/6
  2178 | D:3      | Found a glowing silver altar of Zin.
  2395 | D:3      | Reached skill level 5 in Dodging
  2402 | D:3      | Reached skill level 6 in Stealth
  2424 | D:3      | Found a hazy altar of Hepliaklqana.
  2424 | D:3      | Found a faded altar of an unknown god.
  2430 | D:3      | Found a faded altar of an unknown god.
  2432 | D:3      | Found a faded altar of an unknown god.
  2434 | D:3      | Found a faded altar of an unknown god.
  2601 | D:4      | Found a blossoming altar of Fedhas.
  3210 | D:4      | Reached skill level 1 in Armour
  3210 | D:4      | Reached XP level 7. HP: 49/49 MP: 7/7
  3378 | D:4      | Found a staircase to the Ecumenical Temple.
  3384 | D:4      | Noticed Dowan
  3386 | D:4      | Noticed Duvessa
  3393 | Temple   | Entered the Ecumenical Temple
  3467 | Temple   | Became a worshipper of Uskayaw the Reveler
  3498 | D:4      | Reached * piety under Uskayaw
  3499 | D:4      | Reached skill level 7 in Stealth
  3506 | D:4      | Reached ** piety under Uskayaw
  3521 | D:4      | Reached *** piety under Uskayaw
  3528 | D:4      | Killed Duvessa
  3528 | D:4      | Reached **** piety under Uskayaw
  3537 | D:4      | Reached ***** piety under Uskayaw
  3560 | D:4      | Killed Dowan
  3997 | D:5      | Entered Level 5 of the Dungeon
  4202 | D:5      | Found a bloodstained altar of Trog.
  4228 | D:5      | Reached XP level 8. HP: 53/55 MP: 0/8
  4263 | D:5      | Reached skill level 8 in Stealth
  4874 | D:5      | Slain by a killer bee

Vault maps used:
D:1:      doesnt_arrival_eight_statues, minmay_misc_feat_iff
D:2:      grunt_temple_overflow_holy_war, nemelex_xobeh_ov_fountains_minmay,
          uniq_terence, uniq_iyjb, uniq_jessica
D:3:      chequers_temple_overflow_minitemple, lemuel_coloured_pillars_altar,
          uniq_sigmund
D:4:      fedhas_altar_1, uniq_duvessa
D:5:      trog_eyes_of_draining, first_bread, gup_sewer_entry_spiral
Temple:   compressed_dpeg_triangle_lava_temple

Skill      XL: |  1  2  3  4  5  6  7  8 |
---------------+-------------------------+-----
Stealth        | 1 2 3 4 5 6 7 8 |  8.4
Long Blades    | 4 5 6 |  6.4
Dodging        | 4 5 6 |  6.5
Armour         | 1 2 |  2.8
Fighting       | |  1.7
Throwing       | |  1.5

Action                   |  1- 3 |  4- 6 |  7- 9 || total
-------------------------+-------+-------+-------++-------
Melee: Long sword        |    86 |   139 |   188 ||   413
       Bite              |    12 |    19 |    19 ||    50
Throw: Throwing net      |       |       |     2 ||     2
  Use: Potion            |       |    12 |     8 ||    20
       Scroll            |       |     7 |     2 ||     9
 Stab: Sleeping          |     3 |    15 |     5 ||    23
       Paralysed         |       |       |     3 ||     3
Armor: Leather armour    |     5 |       |       ||     5
       Ring mail         |     8 |    38 |    29 ||    75
       Skin              |       |       |   100 ||   100
Dodge: Dodged            |    67 |   110 |   116 ||   293
       Rpst.: Long sword |    19 |    34 |    39 ||    92
